Cogmind - Beta 11.1 @@@ ROGUE MODE // 2022.04.24 @ 00:22:56 Player: Runia Result: Destroyed by G-34 Mercenary with Small Laser Performance ------------- Evolutions (0) 0 Regions Visited (4) 800 Robots Destroyed (41) 205 Value Destroyed (972) 972 Prototype IDs (5) 100 Alien Tech Used (0) 0 Bonus (-983) -983 TOTAL SCORE: 1094 Bonus ------- Friendly Fire -983 Cogmind --------- Core Integrity 0/250 Matter 184/300 Energy 290/290 System Corruption 0% Temperature Cool (6) Movement Treading (240) Ox1 Location -9/Mines Parts ------- > --- POWER (1) -------- Improved Deuterium Engine > --- PROPULSION (2) --- Light Treads Light Treads > --- UTILITY (2) ------ Improved Heat Sink High-capacity Storage Unit > --- WEAPON (2) ------- Light Assault Rifle 8R-AWN's Boregun > --- INVENTORY (20) --- Light Fission Core Light Fission Core Light Fission Core Light Treads Advanced Heat Sink Huge Storage Unit YI-UF0's Bottomless Matter Pit (1164) Experimental Sensor Array Transport Network Coupler Shock Absorption System Assault Rifle Light Assault Rifle Light Assault Rifle Grenade Launcher Grenade Launcher YI-UF0's Doublenader Makeshift Spear Peak State ------------ > --- POWER ------------ Improved Deuterium Engine > --- PROPULSION ------- Light Treads Light Treads > --- UTILITY ---------- Improved Heat Sink High-capacity Storage Unit > --- WEAPON ----------- Light Assault Rifle 8R-AWN's Boregun > --- INVENTORY -------- Light Fission Core Light Fission Core Light Fission Core Light Treads Advanced Heat Sink Huge Storage Unit YI-UF0's Bottomless Matter Pit Experimental Sensor Array Transport Network Coupler Shock Absorption System Assault Rifle Light Assault Rifle Light Assault Rifle Grenade Launcher Grenade Launcher YI-UF0's Doublenader Makeshift Spear [Rating: 26] Favorites ----------- Power Ion Engine Engine Ion Engine Propulsion Light Treads Treads Light Treads Leg Aluminum Leg Utility High-capacity Storage Unit Device Improved Heat Sink Storage High-capacity Storage Unit Weapon Light Assault Rifle Energy Gun Small Laser Ballistic Gun Light Assault Rifle Launcher Grenade Launcher Piercing Weapon Makeshift Spear Build | -11 -10 -10 -10 -9 ------- Run | Scr Mat Min Exi Min Slots Evolved . | . . . . . Power . | . . . . . Propulsion . | . . . . . Utility . | . . . . . Weapon . | . . . . . Parts Attached 41 | 2 16 13 . 10 Power 5 | . 3 1 . 1 Engine 5 | . 3 1 . 1 Core . | . . . . . Reactor . | . . . . . Propulsion 8 | 2 4 2 . . Treads 8 | 2 4 2 . . Leg . | . . . . . Wheel . | . . . . . Hover . | . . . . . Flight . | . . . . . Utility 6 | . 2 4 . . Device 4 | . 1 3 . . Storage 2 | . 1 1 . . Processor . | . . . . . Hackware . | . . . . . Protection . | . . . . . Artifact . | . . . . . Weapon 22 | . 7 6 . 9 Energy Gun 3 | . 3 . . . Energy Cannon . | . . . . . Ballistic Gun 12 | . 3 4 . 5 Ballistic Cannon . | . . . . . Launcher 6 | . 1 2 . 3 Special Weapon . | . . . . . Impact Weapon . | . . . . . Slashing Weapon . | . . . . . Piercing Weapon 1 | . . . . 1 Special Melee Weapon . | . . . . . Unidentified Prototypes 3 | . . 3 . . Parts Lost 4 | . 1 3 . . Power 1 | . . 1 . . Propulsion 1 | . . 1 . . Utility . | . . . . . Weapon 2 | . 1 1 . . Highest Loss Streak 3 | . 1 3 . . To Critical Strikes . | . . . . . Average Slot Usage (%) 98 | . 94 99 100 100 Engine 13 | . 14 13 14 14 Treads 28 | . 28 28 28 28 Device 12 | . 8 13 14 14 Storage 14 | . 14 14 14 14 Energy Gun 1 | . 4 . . . Ballistic Gun 26 | . 23 27 28 27 Naked Turns . | . . . . . Heaviest Build 54 | 13 48 53 53 54 Greatest Support 40 | 40 40 40 40 40 Greatest Overweight (x) 1 | . 1 1 1 1 Average Overweight (x) . | . . 1 1 1 Largest Inventory Capacity 20 | 8 20 20 20 20 Average Capacity 19 | 8 16 20 20 20 Most Carried 17 | 6 11 15 17 17 Average Carried 12 | 2 6 13 16 16 Final Capacity 20 | 8 20 20 20 20 Final Carried 17 | 2 9 14 17 17 Class Distribution -------------------- 99% | Mutant Dominant Class ---------------- Mutant | -10/Materials Mutant | -10/Mines Mutant | -10/Exiles Mutant | -9/Mines Resources | -11 -10 -10 -10 -9 ----------- Run | Scr Mat Min Exi Min Matter Collected 2179 | 177 379 1083 300 240 Remotely . | . . . . . Salvage Created 1554 | . 588 549 . 417 Parts 97 | . 36 41 . 20 Haulers Intercepted 2 | . 2 . . . Recyclers Shooed 4 | 1 . 2 . 1 Parts Field Recycled . | . . . . . Retrieved Matter . | . . . . . Parts Self-Destructed . | . . . . . Prevented . | . . . . . Kills | -11 -10 -10 -10 -9 ------- Run | Scr Mat Min Exi Min Combat Hostiles Destroyed 30 | . 12 9 . 9 Guns 23 | . 11 7 . 5 AOE 7 | . 1 2 . 4 Classes Destroyed 8 | . 2 4 . 2 Worker 2 | . . . . 2 Builder 2 | . . 1 . 1 Hauler 2 | . 2 . . . Recycler 4 | . . 4 . . Swarmer 8 | . . 8 . . Grunt 20 | . 12 . . 8 Duelist 1 | . . . . 1 Demolisher 1 | . . 1 . . Best Kill Streak 6 | . 3 3 . 6 Combat Bots Only 5 | . 3 3 . 5 Max Kills in Single Turn 3 | . 1 3 . 2 Gunslinging 1 | . . 1 . . Exploded 2 | . 1 2 . 1 Melee . | . . . . . Uniques/NPCs Destroyed 1 | . . 1 . . YI-UF0 (-10/Mines) Combat | -11 -10 -10 -10 -9 -------- Run | Scr Mat Min Exi Min Damage Taken 1697 | . 741 407 . 549 Core 254 | . 64 53 . 137 Absorbed by Shields . | . . . . . Core Remaining (%) 100 | 100 . . . . Volleys Fired 152 | 5 75 42 . 30 Largest 2 | 2 2 2 . 2 Hottest 90 | 60 90 50 . 50 Shots Fired 296 | 10 149 82 . 55 Gun 288 | 10 148 80 . 50 Cannon . | . . . . . Launcher 8 | . 1 2 . 5 Special . | . . . . . Kinetic 240 | 5 105 80 . 50 Thermal 48 | 5 43 . . . Explosive 8 | . 1 2 . 5 Electromagnetic . | . . . . . Robot Hit Streak 19 | 5 19 6 . 8 Robot Miss Streak 3 | 1 2 3 . 2 Penetration Max 1 | . . . . 1 Secondary Targets 3 | . . 2 . 1 Max Gunslinging Chain 1 | . . 1 . 1 Shots Hit Robots 209 | 6 114 50 . 39 Core Hits 88 | 1 34 26 . 27 Critical Kills 3 | . . 1 . 2 Critical Parts Destroyed 7 | . 2 . . 5 Critical Strikes 11 | . 3 1 . 7 Burn 1 | . 1 . . . Destroy 10 | . 2 1 . 7 Melee Attacks 6 | . . . . 6 Impact . | . . . . . Slashing . | . . . . . Piercing 6 | . . . . 6 Sneak Attacks . | . . . . . Combat Hostiles . | . . . . . Follow-up Attacks . | . . . . . Damage Inflicted 2831 | 82 1244 555 . 950 Guns 2186 | 82 1169 450 . 485 Cannons . | . . . . . Explosions 645 | . 75 105 . 465 Melee . | . . . . . Ramming . | . . . . . Kinetic 1774 | 39 800 450 . 485 Thermal 412 | 43 369 . . . Explosive 645 | . 75 105 . 465 Electromagnetic . | . . . . . Impact . | . . . . . Slashing . | . . . . . Piercing . | . . . . . Highest Corruption . | . . . . . Average Corruption . | . . . . . Corruption Purged . | . . . . . Corruption Blocked . | . . . . . Overload Shots . | . . . . . Overflow Damage . | . . . . . Projectiles . | . . . . . Explosions . | . . . . . Melee . | . . . . . Knockbacks . | . . . . . Impact . | . . . . . Kinetic . | . . . . . Secondary . | . . . . . Self-Inflicted Damage 27 | . . 27 . . Shots 1 | . . 1 . . Rammed . | . . . . . Targets Rammed . | . . . . . Kicked . | . . . . . Crushed . | . . . . . Highest Temperature 232 | 20 232 . . 10 Average Temperature 66 | 20 73 . . 5 Received Heat Transfer 783 | . 477 . . 306 Effects 2 | . 2 . . . Interference 2 | . 2 . . . Siege Activations . | . . . . . Robots Corrupted . | . . . . . Combat Hostiles . | . . . . . Parts Fried . | . . . . . Impact Corruptions . | . . . . . Robots Melted . | . . . . . Combat Hostiles . | . . . . . Parts Melted . | . . . . . Heat Transferred 1059 | 100 959 . . . Parts Sabotaged . | . . . . . Parts Stolen . | . . . . . Parts Stripped . | . . . . . Power Chain Reactions . | . . . . . Missiles Intercepted . | . . . . . Alert | -11 -10 -10 -10 -9 ------- Run | Scr Mat Min Exi Min Peak Influence 276 | . 229 240 . 276 Initial 43 | . . 43 . . Average 86 | . 138 32 . 155 Maximum Alert Level 1 | . 1 1 . 1 Low Security (%) 82 | 100 67 99 . 56 Level 1 17 | . 32 . . 43 Level 2 . | . . . . . Level 3 . | . . . . . Level 4 . | . . . . . Level 5 . | . . . . . High Security . | . . . . . Max Security . | . . . . . Squads Dispatched 5 | . 5 . . . Investigation 1 | . 1 . . . Extermination . | . . . . . Reinforcement 4 | . 4 . . . Assault . | . . . . . Garrison . | . . . . . Intercept . | . . . . . Searches Triggered . | . . . . . Construction Impeded . | . . . . . Haulers Reinforced . | . . . . . Active Scanning Responses . | . . . . . Cargo Convoy Interrupts . | . . . . . Stealth | -11 -10 -10 -10 -9 --------- Run | Scr Mat Min Exi Min Distress Signals 1 | . 1 . . . Communications Jammed . | . . . . . Distress Signals . | . . . . . Times Spotted 51 | . 26 12 . 13 Peak Tracking Total 5 | . 3 3 . 5 Tactical Retreats 5 | . 1 2 . 2 Traps | -11 -10 -10 -10 -9 ------- Run | Scr Mat Min Exi Min Traps Triggered 1 | . 1 . . . Indirectly . | . . . . . Trap Hack Attempts . | . . . . . Triggered . | . . . . . Disarmed . | . . . . . Reprogrammed . | . . . . . Reused . | . . . . . Traps Extracted . | . . . . . Installed . | . . . . . Triggered . | . . . . . Machines | -11 -10 -10 -10 -9 ---------- Run | Scr Mat Min Exi Min Machines Disabled 2 | . 1 . . 1 Max in Single Turn 1 | . 1 . . 1 Machines Sabotaged . | . . . . . Garrisons Compromised . | . . . . . Overloaded Fab Kills . | . . . . . Hacking | -11 -10 -10 -10 -9 --------- Run | Scr Mat Min Exi Min Machines Accessed 6 | . 3 2 1 . Terminals 4 | . 2 2 . . Fabricators . | . . . . . Repair Stations . | . . . . . Recycling Units 1 | . 1 . . . Scanalyzers . | . . . . . Garrison Access . | . . . . . Total Hacks 10 | . 6 3 1 . Successful 8 | . 5 2 1 . Failed 1 | . . 1 . . Catastrophic . | . . . . . Database Lockouts 1 | . 1 . . . Manual 9 | . 6 3 . . Terminals 8 | . 5 3 . . Fabricators . | . . . . . Repair Stations . | . . . . . Recycling Units 1 | . 1 . . . Scanalyzers . | . . . . . Garrison Access . | . . . . . Terminal Hacks 7 | . 4 2 1 . Record 1 | . . . 1 . Robot Analysis 3 | . 3 . . . Prototype ID Bank 1 | . . 1 . . Terminal Index 1 | . 1 . . . Zone Layout 1 | . . 1 . . Fabricator Hacks . | . . . . . Repair Station Hacks . | . . . . . Recycling Unit Hacks . | . . . . . Scanalyzer . | . . . . . Garrison Access Hacks . | . . . . . Unauthorized Hacks 1 | . 1 . . . Terminals . | . . . . . Fabricators . | . . . . . Repair Stations . | . . . . . Recycling Units 1 | . 1 . . . Tunnel 1 | . 1 . . . Scanalyzers . | . . . . . Garrison Access . | . . . . . Data Cores Recovered . | . . . . . Used . | . . . . . Hacking Detections 4 | . 2 2 . . Full Trace Events . | . . . . . Feedback Events . | . . . . . Feedback Blocked . | . . . . . Robot Schematics Acquired . | . . . . . Robots Built . | . . . . . Authchips . | . . . . . Time . | . . . . . Total Robot Build Rating . | . . . . . Part Schematics Acquired . | . . . . . Parts Built . | . . . . . Authchips . | . . . . . Time . | . . . . . Total Part Build Rating . | . . . . . Parts Repaired . | . . . . . Time . | . . . . . Parts Recycled . | . . . . . Recycled Matter . | . . . . . Retrieved Matter . | . . . . . Retrieved Components . | . . . . . Parts Scanalyzed . | . . . . . Part Schematics Acquired . | . . . . . Parts Damaged . | . . . . . Bothacking | -11 -10 -10 -10 -9 ------------ Run | Scr Mat Min Exi Min Used RIF Installer . | . . . . . Robots Hacked . | . . . . . Non-combat . | . . . . . Combat . | . . . . . Robot Hacks Applied . | . . . . . Relay Couplers Released . | . . . . . Fabnet Peak Effective % . | . . . . . Robots Rewired . | . . . . . Allies Hacked . | . . . . . Hacks Repelled . | . . . . . Allies | -11 -10 -10 -10 -9 -------- Run | Scr Mat Min Exi Min Total Allies . | . . . . . Largest Group . | . . . . . Highest-Rated Group . | . . . . . Highest-Rated Ally . | . . . . . Total Orders . | . . . . . Ally Attacks . | . . . . . Total Damage . | . . . . . Kills . | . . . . . Allies Corrupted . | . . . . . Allies Melted . | . . . . . Intel | -11 -10 -10 -10 -9 ------- Run | Scr Mat Min Exi Min Robot Analysis Total 3 | . 3 . . . Derelict Logs Recovered 3 | . . 2 . 1 Drone Launches . | . . . . . Drone Recoveries . | . . . . . Exploration | -11 -10 -10 -10 -9 ------------- Run | Scr Mat Min Exi Min Turns Passed 4164 | 19 1022 1739 764 620 Spaces Moved 1542 | 1 347 662 318 214 Core . | . . . . . Treads 1542 | 1 347 662 318 214 Legs . | . . . . . Wheels . | . . . . . Hover . | . . . . . Flight . | . . . . . Fastest Speed 160 | 160 160 240 240 240 Average Speed 234 | 160 216 240 240 240 Slowest Speed 240 | 160 240 240 240 240 Overloaded Moves . | . . . . . Propulsion Burnouts . | . . . . . Robots Hopped . | . . . . . Cave-ins Triggered . | . . . . . Exploration Rate (%) 53 | 2 52 96 58 60 Regions Visited 4 Branch Regions 3 Pre-discovered Areas 4 | . 1 1 1 1 Known Exits Taken . | . . . . . Unknown Exits Taken 4 | 1 1 1 1 . Scrap Searched 1 | . . 1 . . Spaces Dug 11 | . . 11 . . Terrain Destroyed 53 | . 5 20 . 28 Melee . | . . . . . Projectile 6 | . . 1 . 5 AOE 46 | . 5 19 . 22 Terrain Rammed . | . . . . . Walls Destroyed . | . . . . . Machines Disabled . | . . . . . Actions | -11 -10 -10 -10 -9 --------- Run | Scr Mat Min Exi Min Total 1814 | 11 480 741 320 262 Wait 41 | . 28 13 . . Move 1538 | . 346 661 317 214 Hop . | . . . . . Pick Up 21 | . 7 10 3 1 Fast Attach 5 | . 5 . . . Attach 7 | 2 2 3 . . Detach . | . . . . . Swap 29 | . 9 10 . 10 Drop 15 | 4 8 2 . 1 Fire 152 | 5 75 42 . 30 Melee 6 | . . . . 6 Ram . | . . . . . Kick . | . . . . . Crush . | . . . . . Escape Stasis . | . . . . . Rewire . | . . . . . Trap . | . . . . . Miscellaneous . | . . . . . Route ------- -11/Scrapyard -10/Materials (discovered 3 exits: [*Mat x2] / *Min) -10/Mines (discovered 3 exits: [*Mat x2] / *Exi) -10/Exiles -9/Mines History --------- Turn | Location | Event 20 | -11/Scrapyard | Discovered new exit (range 0) 20 | -11/Scrapyard | Entered Materials 366 | -10/Materials | Build established: Mutant 502 | -10/Materials | Discovered new exit (range 14) 502 | -10/Materials | Discovered new exit (range 11) 656 | -10/Materials | Discovered new exit (range 15) 762 | -10/Materials | Central database locked down 1042 | -10/Materials | Entered Mines 1058 | -10/Mines | YI-UF0 nonchalantly dropped a Grenade Launcher on the ground 1098 | -10/Mines | Destroyed YI-UF0 1105 | -10/Mines | Found Prototype Launcher 1111 | -10/Mines | Found Prototype Storage 1159 | -10/Mines | Identified YI-UF0's Bottomless Matter Pit 1162 | -10/Mines | Identified YI-UF0's Doublenader 1369 | -10/Mines | Discovered new exit (range 9) 1454 | -10/Mines | Assembled infested the area 1520 | -10/Mines | Lost 3 parts (1p1n1w) 1749 | -10/Mines | A weapon hastily lodged in a ceiling crevice suddenly fell to the ground 1783 | -10/Mines | Learned Materials garrison access intel 1929 | -10/Mines | Learned location of Storage (-8) 2017 | -10/Mines | Discovered new exit (range 12) 2050 | -10/Mines | Discovered new exit (range 6) 2234 | -10/Mines | Found Prototype Ballistic Gun 2235 | -10/Mines | Identified 8R-AWN's Boregun 2534 | -10/Mines | Learned Materials stockpile data 2781 | -10/Mines | Entered Exiles 2841 | -10/Exiles | Met 8R-AWN 2960 | -10/Exiles | Met EX-HEX 3077 | -10/Exiles | Met EX-DEC 3116 | -10/Exiles | Learned location of Zion (-6) 3514 | -10/Exiles | Discovered new exit (range 15) 3545 | -10/Exiles | Entered Mines 3568 | -9/Mines | Core integrity fell below 50% 3675 | -9/Mines | Core integrity fell below 20% 3948 | -9/Mines | Found a damaged Exp. Sensor Array with a note attached 3953 | -9/Mines | Found Prototype Device 4100 | -9/Mines | Excavation squad dispatched 4100 | -9/Mines | A large section of the Mines collapsed 4165 | -9/Mines | Destroyed by G-34 Mercenary with Small Laser Last Messages --------------- 04148_ K-01 Serf collects debris. 04150_ HV Slug penetrates G-34 Mercenary. 04150_ G-34 Mercenary suffers critical hit (Destroy). 04150_ G-34 Mercenary destroyed. 04150_ HV Slug penetrates Wall. 04151_ K-01 Serf collects debris. 04153_ HV Slug penetrates G-34 Mercenary. 04153_ HV Slug penetrates Wall. 04156_ HV Slug penetrates G-34 Mercenary. 04156_ HV Slug penetrates Wall. 04156_ K-01 Serf suffers critical hit (Destroy). 04156_ K-01 Serf destroyed. 04159_ HV Slug penetrates G-34 Mercenary. 04159_ HV Slug penetrates Wall. 04159_ K-01 Serf destroyed. 04161_ HV Slug penetrates G-34 Mercenary. 04161_ G-34 Mercenary suffers critical hit (Destroy). 04161_ Destroyed Aluminum Leg. 04161_ HV Slug penetrates Wall. 04165_ Wall collapses. Map ----- +----------------------------------------------------+ | ????????????????????????# """ ### | | ????????????????????????## """ #? | | ?????????????????????????### """ #? | | ???????????????????????????## #? | | ????????????????????????????## ##? | | ????????????????????????????## ###?? | | ????????????????????????????# ##???? | | ????????????????????????#### ### #????# | | ????????????????????????# ##?# #???## | | ???????????????????????# ##??# #???# | | ?????????????????????? #????# #???# | | ????????????????????? #?????# #???## | | ????????????????????? ##?????# #????# | | ????????????????????? #?????# #????? | | ????????????????????? #?????# #????? | | ?????????????????????? ### #?????# #????? | | ?????????????????????????# #?????# #????? | | ?????????????????????????# #?????# #????? | | ?????????????????????????# #?????# #????? | | ?????????????##?????##???# ####### #????? | | ???????????#??;????? ???# #????? | | ???????## ?? ?#%###?# ???# #########????? | | ???????# #=#;#?# ???# #??????###???? | | ????# $ gg%#?# ???# #####?## #??? | | ????# ##=%#?# #??# #?# #?? | | ????# ####??????#@#### ######## #?# ## | | ????????????????##; ## ##??# #??# | | ?????????????????#### ## #??# #??## | | ????????????????????## ## #??# #???## | | ?????????????????????## # #???# ######## | | ?????????????????????######??## ## ### | | ??????????????????????# ##??## | | ??????????????????????# ##### | | ??????????????????????# ### | | ??????????????????????### ##?# | | ????????????????????????# ## ###??? | | ????????????????????????###### ##????? | | ?????????????????????????????# #?????? | | ?????????????????????????????## #?????? | | ??????????????????????????????# #?????? | | ??????????????????????????????# #?????? | | ??????????????????????????????# #?????? | | ?????????????????????????????? ##?????? | | ?????????????????????????????## ##??????? | | ??????????????????????????????# #???????? | | ??????????????????????????????# #???????? | | ??????????????????????????????# ???????? | | ???????????????????????????????##????????? | | ?????????????????????????????????????????? | | ?????????????????????????????????????????? | +----------------------------------------------------+ Best States ------------- Heat Dissipation 39 Energy Generation 16 Energy Capacity 290 Matter Stores 300 Matter Capacity 1800 Sight Range 16 Terrain Scan Density 10 Resistance: EX 25 Evasion (%) 40 Recoil Reduction 2 Item Schematics ----------------- None Robot Schematics ------------------ None Fabricated ------------ Nothing Alien Tech Used ----------------- None Achievements -------------- None Challenges ------------ None Game ------ Seed MiniSkeletonExtractor Manual? 0 Play Time 00:20:07 Cumulative 598.0 hours Start 2022.04.23 @ 23:43:20 End 2022.04.24 @ 00:22:56 Sessions 1 Manual Loads 0 Difficulty Rogue Special Mode None Game No. 570 Rogue 570 Adventurer 0 Explorer 0 Win Type - Total 21 Types 10/3/4/1/1/0/1/1/0 Lore% 88 Gallery% 94 Achievement% 77 Wizard Run 0 Options --------- ASCII 0 Keyboard 0 Movement Mouse Keybinds 1 Fullscreen 2 Font 24/Smallcaps Map View 76x50 Tactical HUD 1 Map Filters NONE Filters NONE Steam 1 RUN: 415ae6b9-d691-47cd-bac1-73b6fd5e869a